 Dungeon Crawl Stone Soup version 0.14.0-24-gfb45beb (webtiles) character file.

44 Infinimo the Digger (level 2, -2/15 HPs)
             Began as a Gargoyle Earth Elementalist on Apr 24, 2014.
             Slain by Sigmund
             ... wielding a +0,+0 scythe
              (13 damage)
             ... on Level 2 of the Dungeon.
             The game lasted 00:03:03 (1437 turns).

Infinimo the Digger (Gargoyle Earth Elementalist)   Turns: 1437, Time: 00:03:03

HP  -2/15        AC  4     Str 11      XL: 2   Next: 95%
MP   1/4         EV 12     Int 15      God:
Gold 21          SH  0     Dex 10      Spells:  1 memorised,  4 levels left

rFire  . . .     SeeInvis .     b - 42 stones
rCold  . . .     Clarity  .     c - +0 robe
rNeg   + . .     Conserve .     (no shield)
rPois  +         rCorr    .     (no helmet)
rElec  +         rRot     +     (no cloak)
SustAb . .       Spirit   .     (no gloves)
rMut   .         Warding  .     (no boots)
Saprov . . .     Stasis   .     (no amulet)
MR     .....                    (no ring)
                                (no ring)

@: not resistant to hostile enchantments, fairly stealthy
A: life protection 1, electricity resistance, unbreathing, petrification
resistance, AC +2
a: no special abilities


You were on level 2 of the Dungeon.
You were not hungry.

You visited 1 branch of the dungeon, and saw 2 of its levels.

You collected 21 gold pieces.

Inventory:

Missiles
 b - 42 stones (in hand)
Armour
 c - a +0 robe (worn)
Comestibles
 a - 2 bread rations
 i - a choko
 j - a meat ration
Scrolls
 e - 4 scrolls of identify {unknown}
Jewellery
 k - an uncursed ring of poison resistance {unknown}
 l - a +3 ring of protection {unknown}
Potions
 g - a potion of heal wounds
 m - a potion of curing {unknown}
 n - a potion of paralysis {unknown}
Books
 d - a book of Geomancy

   Spells                             Type                      Level
   *Sandblast                         Earth                        1
   Stoneskin                          Transmutation/Earth          2
   Passwall                           Transmutation/Earth          3
   Stone Arrow                        Conjuration/Earth            3
   Petrify                            Transmutation/Earth          4
   Lee's Rapid Deconstruction         Earth                        5
 h - a book of Control

   Spells                             Type                      Level
   Control Teleport                   Charms/Translocation         4
   Control Undead                     Necromancy                   4
   Enslavement                        Hexes                        4
   Metabolic Englaciation             Hexes/Ice                    5
   Mass Confusion                     Hexes                        6


   Skills:
 - Level 1.8 Dodging
 - Level 2.6 Stealth
 + Level 2.2 Spellcasting
   Level 0.7 Transmutations
 * Level 4.1 Earth Magic


You had 4 spell levels left.
You knew the following spells:

 Your Spells              Type           Power        Failure   Level  Hunger
a - Sandblast             Erth           ##....       4%          1    #......


Dungeon Overview and Level Annotations

Branches:
Dungeon (2/15)

Altars:

Annotations:
D:2 Sigmund


Innate Abilities, Weirdness & Mutations

You are resistant to torment.
You are immune to poison.
You are immune to rotting.
Your stone body is very resilient (AC +2).
You resist negative energy.
You are resistant to electric shocks.
You can survive without breathing.
You are immune to petrification.


Message History

Aim: Sigmund, wielding a scythe and wearing a robe (heavily wounded)
The rocky blast hits Sigmund.
Sigmund is severely wounded.
You start resting.
Casting: Sandblast
Confirm with . or Enter, or press ? or * to list all spells.
Aiming: Sandblast
Press: ? - help, Shift-Dir - straight line, f/p - Sigmund
Aim: Sigmund, wielding a scythe and wearing a robe (severely wounded)
The rocky blast misses Sigmund.
Sigmund casts a spell.
Sigmund flickers and vanishes!
Deactivating autopickup; reactivate with Ctrl-A.
Casting: Sandblast
Confirm with . or Enter, or press ? or * to list all spells.
Aiming: Sandblast
Press: ? - help, Shift-Dir - straight line Something hits you!
Ouch! That really hurt!
You die...

#...[.####....#####
##.................##########
#####..............###...........
................................<
...##......####....###...........
[. #......# #.#### #...........
...##.#.#### #.# ##.......(...
........#######.#####.....####.##
................@.<..............
###.....#######.#####.....####.##
....................@.....# #.#
###(#.#.....>##.#####.....# #.#
....#.#......##.#####.....# #.#
....#.#...................####.#
....%..................).......#
....#.#........................#
....#.#......##.#####..........##


There were no monsters in sight!

Vanquished Creatures
  A giant gecko (D:2)
  3 bats
  2 goblins
  A hobgoblin (D:1)
  5 kobolds (D:1)
  A giant newt (D:1)
  10 rats
23 creatures vanquished.

Notes
Turn   | Place    | Note
--------------------------------------------------------------
     0 | D:1      | Infinimo, the Gargoyle Earth Elementalist, began the quest for the Orb.
     0 | D:1      | Reached XP level 1. HP: 10/10 MP: 3/3
   327 | D:1      | Reached XP level 2. HP: 12/15 MP: 0/4
  1246 | D:2      | Reached skill level 4 in Earth Magic
  1378 | D:2      | Noticed Sigmund
  1437 | D:2      | Slain by Sigmund

Action                   || total
-------------------------++-------
Melee: Unarmed           ||    11
 Cast: Sandblast         ||    47
  Use: Scroll            ||     3
       Potion            ||     2
 Stab: Sleeping          ||     2
